 Dungeon Crawl Stone Soup version v3.33-hellcrawl (webtiles) character file.

424 DaddyBuck the Peltast (level 17, -28/126 HPs) *CASUAL*
             Began as a Formicid Fighter on May 13, 2017.
             Was a High Priest of Hepliaklqana.
             Killed from afar by a deep troll earth mage (44 damage)
             ... with a blast of bone shards
             ... on level 1 of the Depths.
             The game lasted 00:46:49 (18768 turns).

DaddyBuck the Peltast (Formicid Fighter)           Turns: 18768, Time: 00:46:50

Health: -28/126    AC: 26 (39%)Str: 31  XL:     17   Next: 32%
Magic:  20/21      EV: 17    Int: 10    God:    Hepliaklqana [*****.]
Gold:   1546       SH: 26    Dex: 10    Spells: 16/16 levels left

rFire    + . .     SeeInvis +   x - +10 halberd "Rotzissa" {freeze, +Fly rF+}
rCold    . . .     Faith    .   I - +1 large shield
rNeg     . . .     Spirit   .   m - +4 plate armour
rPois    .         Reflect  +   (helmet unavailable)
rElec    .                      t - +2 cloak
rCorr    .                      (no gloves)
MR       ++...                  A - +0 pair of boots
Stlth    ..........             f - +3 amulet of reflection
Regen    0.4/turn               u - ring of protection from magic
MPRegen  0.3/turn               h - +3 ring of evasion

@: mighty, very slightly contaminated, invisible
A: permanent stasis, dig shafts and tunnels, four strong arms, reduced essence,
antennae 3
a: Dig, Shaft Self, Recall Ancestor, Ancestor Identity, Transference, Idealise,
Renounce Religion, Evoke Flight


You were on level 1 of the Depths.
You worshipped Hepliaklqana.
Hepliaklqana was extremely pleased with you.
You were not hungry.

You visited 2 branches of the dungeon, and saw 16 of its levels.

You collected 1546 gold pieces.

Inventory:

Hand Weapons
 c - a +2 shortbow of velocity
 x - the +10 halberd "Rotzissa" (weapon) {freeze, +Fly rF+}
   (You acquired it on level 11 of the Dungeon)

   It has been specially enchanted to freeze those struck by it, causing extra
   injury to most foes and up to half again as much damage against particularly
   susceptible opponents.
   It can also slow down cold-blooded creatures.
   It protects you from fire.
   It lets you fly.
Missiles
 a - 254 stones
 b - 1884 arrows (quivered)
Armour
 g - +0 steam dragon scales
 m - a +4 plate armour (worn)
 t - a +2 cloak (worn)
 A - a +0 pair of boots (worn)
 D - +0 acid dragon scales
 G - +0 acid dragon scales
 I - a +1 large shield (worn)
Jewellery
 f - a +3 amulet of reflection (around neck)
 h - a +3 ring of evasion (right hand)
 i - an uncursed ring of resist corrosion
 u - a ring of protection from magic (left hand)
Wands
 p - a wand of slowing (9)
 w - a wand of confusion (10)
 y - a wand of flame (6)
 z - a wand of polymorph (13)
Scrolls
 e - a scroll of magic mapping
 l - a scroll of summoning
 o - 2 scrolls of immolation
 q - 4 scrolls of amnesia
 s - a scroll of fog
Potions
 d - a potion of flight
 j - a potion of brilliance
 k - a potion of invisibility
 n - a potion of cancellation
 r - a potion of might
 v - 3 potions of agility
 F - 3 potions of curing


   Skills:
 + Level 14.9 Fighting
 - Level 2.0 Blades
 + Level 10.0 Polearms
 + Level 15.1 Armour
 + Level 12.8 Dodging
 + Level 16.1 Shields
 + Level 5.3 Invocations


You had 16 spell levels left.
You didn't know any spells.

Dungeon Overview and Level Annotations

Branches:
Dungeon (15/15)               Orc (0/2) D:15         Depths (1/3) D:15
 Vaults: D:15

Altars:
Cheibriados
Dithmenos
Elyvilon
Gozag
Hepliaklqana
Kikubaaqudgha
Makhleb
Nemelex Xobeh
Okawaru
Qazlal
Ru
Sif Muna
Trog
Uskayaw
Vehumet
Xom
Yredelemnul
Zin
The Shining One

Shops:
D:10 [   D:11 }

Portals:
Elven
Halls: Depths:1


Innate Abilities, Weirdness & Mutations

You are under a permanent stasis effect.
You can dig through walls and to a lower floor.
Your four strong arms can wield two-handed weapons with a shield.
You have a pair of large antennae on your head. (SInv)
Your life essence is reduced. (-10% HP)


Message History

The deep troll bites you but does no damage.
The deep troll misses you. The deep troll barely misses you.
You are very lightly contaminated with residual magic.
You spit the iron troll like a pig (43)!!!
You freeze the iron troll (5).
The iron troll is almost dead.
You block the iron troll's attack. x2; The iron troll completely misses you.
The iron troll bites you but does no damage.
The iron troll claws you (3).
* * * LOW HITPOINT WARNING * * *
The iron troll closely misses you. The revenant completely misses you.
The deep troll earth mage gestures at the revenant while chanting.
The revenant shatters!
The revenant is blown up!
The blast of bone shards hits the iron troll (15).
The blast of bone shards hits the deep troll (55).
The deep troll dies!
The blast of bone shards hits the deep troll earth mage (33).
The blast of bone shards hits you!
That hurt (44)!
You die...

#..........#
#..........#
#..........#
#..........#
#..........#
#..........#
#..........#
*********##...$......#
,,,,,,,,,......T@....#
,,,,,,,,,.......[T...#
,,,,,,,,,............#
,,,,,,,,,............#
,,,,,,,,,............#
,,,,,,,,,............#
,,,,,,,,,..........>.#
,,,,,,,,,....(.......#
,,,,,,,,,,,,,,,,,,,,,*


You could see an iron troll and a deep troll earth mage.

Vanquished Creatures
  A frost giant (Depths:1)
  Louise (D:14)
  2 stone giants (Depths:1)
  An ettin (Depths:1)
  A great orb of eyes (Depths:1)
  A hydra (D:14)
  3 centaur warriors
  3 two-headed ogres
  A deep troll shaman (Depths:1)
  2 deep troll earth magi (Depths:1)
  Nergalle (D:11)
  2 skeletal warriors
  11 slime creatures
  7 deep trolls (Depths:1)
  3 unseen horrors
  A flayed ghost (D:15)
  A wolf spider zombie (D:13)
  2 cyclopes (D:13)
  2 deep elf magi
  23 ugly things
  2 manticores (D:14)
  A black mamba (D:14)
  A frost giant skeleton (D:15)
  2 spiny frogs
  A guardian mummy (D:15)
  An efreet (D:14)
  2 trolls (D:9)
  A tengu conjurer (D:14)
  A merfolk (D:9)
  8 meliai
  A deep troll zombie (D:15)
  A meliai zombie (D:12)
  2 shadows
  A wraith (D:13)
  6 wyverns
  6 yaks
  2 angry ghosts
  A hog (D:9)
  Edmund (D:6)
  A swamp worm (shapeshifter) (D:14)
  4 acid dragons
  2 spiny frog zombies (D:9)
  Duvessa (D:6)
  A hornet simulacrum (D:15)
  5 orc warriors
  2 ice beasts
  A spiny frog skeleton (D:9)
  7 black bears
  An ogre (D:10)
  2 blink frog zombies
  8 centaurs
  A blink frog skeleton (D:14)
  A big kobold (D:9)
  A rime drake skeleton (D:12)
  3 bullfrogs
  A water moccasin zombie (D:8)
  Dowan (D:6)
  A wyvern skeleton (D:14)
  A scorpion (D:8)
  8 killer bees
  3 crimson imps
  9 wights
  3 spriggan skeletons (D:11)
  2 howler monkeys (D:7)
  3 electric eels (D:9)
  A centaur zombie (D:6)
  Crazy Yiuf (D:3)
  3 jellies
  3 quasits
  A hound (D:8)
  6 orc priests
  2 centaur skeletons
  2 gnoll shamans (D:9)
  12 orc wizards
  3 worker ants
  An iguana (D:7)
  A hound zombie (D:7)
  7 adders
  4 gnolls (D:4)
  A shadow imp (D:5)
  An ooze (D:3)
  2 dart slugs (D:3)
  34 orcs
  6 quokkas
  3 giant cockroaches
  7 goblins
  8 hobgoblins
  2 jackals
  2 bats
  A frilled lizard (D:5)
  6 kobolds
  A quokka skeleton (D:5)
  6 rats
  2 plants (D:9)
312 creatures vanquished.

Vanquished Creatures (collateral kills)
  A two-headed ogre (D:12)
  A wizard (D:13)
  A necromancer (D:15)
  6 ugly things
  An orc sorcerer (D:9)
  A stone giant zombie (D:15)
  A gargoyle (D:10)
  A spriggan zombie (D:15)
  A centaur skeleton (D:10)
  A troll (D:15)
  2 meliai (D:14)
  2 wyverns
  A wraith (D:15)
  2 yaks (D:10)
  A steam dragon (D:11)
  A black mamba skeleton (D:11)
  An acid dragon (D:14)
  A water moccasin (D:6)
  An orc warrior (D:10)
  4 ice beasts
  A black bear (D:9)
  A phantom (D:7)
  2 spiny frog skeletons
  An ogre (D:10)
  4 centaurs
  A big kobold (D:9)
  4 bullfrogs
  A wyvern zombie (D:13)
  2 gnoll sergeants (D:9)
  2 killer bees (D:9)
  2 spriggan skeletons (D:11)
  3 crimson imps
  2 wights (D:9)
  2 electric eels (D:9)
  A bullfrog zombie (D:6)
  3 hounds
  2 jellies
  A wyvern simulacrum (D:14)
  An orc wizard (D:9)
  An adder (D:3)
  A shadow imp (D:5)
  9 orcs
  A goblin (D:3)
  2 hobgoblins (D:3)
  3 jackals
  2 kobolds (D:3)
  A rat (D:4)
  A bush (D:9)
  4 plants (D:9)
  2 withered plants (D:15)
94 creatures vanquished.

Vanquished Creatures (others)
  A revenant (Depths:1)
  A deep troll (Depths:1)
  2 centaurs
  11 knights
  2 ancestors
  A hobgoblin (D:3)
  3 withered plants (D:15)
21 creatures vanquished.

Grand Total: 427 creatures vanquished

Notes
Turn   | Place    | Note
-------+----------+-------------------------------------------
     0 | D:1      | DaddyBuck the Formicid Fighter began the quest for the Orb.
     0 | D:1      | Reached XP level 1. HP: 18/18 MP: 1/1
   130 | D:1      | Reached XP level 2. HP: 22/24 MP: 2/2
   175 | D:1      | Reached skill level 1 in Dodging
   480 | D:2      | Reached XP level 3. HP: 25/29 MP: 3/3
   539 | D:2      | Reached skill level 4 in Shields
   557 | D:2      | Found a sparkling altar of Nemelex Xobeh.
   610 | D:2      | Found a hide-covered altar of Uskayaw.
   612 | D:2      | Noticed a dagger
   613 | D:2      | Noticed a hand axe
   644 | D:2      | Reached XP level 4. HP: 21/37 MP: 4/4
  1182 | D:2      | Found a hazy altar of Hepliaklqana.
  1200 | D:2      | Became a worshipper of Hepliaklqana the Forgotten
  1386 | D:3      | Found a snail-covered altar of Cheibriados.
  1388 | D:3      | Reached XP level 5. HP: 34/37 MP: 5/5
  1532 | D:3      | Found a radiant altar of Vehumet.
  1784 | D:3      | Found a faded altar of an unknown god.
  1790 | D:3      | Found a shimmering altar of Xom.
  1795 | D:3      | Reached XP level 6. HP: 39/44 MP: 6/6
  1955 | D:3      | Found a glowing silver altar of Zin.
  1956 | D:3      | Noticed an angel
  2115 | D:3      | Reached skill level 5 in Shields
  2283 | D:3      | Found a runed door.
  2287 | D:3      | Noticed Crazy Yiuf
  2310 | D:3      | Killed Crazy Yiuf
  2589 | D:4      | Reached * piety under Hepliaklqana
  2819 | D:4      | Reached XP level 7. HP: 42/49 MP: 7/7
  2972 | D:4      | Reached skill level 5 in Armour
  2975 | D:4      | Reached skill level 5 in Fighting
  3451 | D:4      | Reached skill level 6 in Shields
  3451 | D:4      | Reached XP level 8. HP: 38/56 MP: 8/8
  3740 | D:4      | Found an opulent altar of Gozag.
  3740 | D:4      | Found a sacrificial altar of Ru.
  3788 | D:4      | Noticed a moth of wrath
  3791 | D:4      | Found a bloodstained altar of Trog.
  3852 | D:5      | Entered Level 5 of the Dungeon
  3960 | D:5      | Reached ** piety under Hepliaklqana
  3961 | D:5      | Remembered your ancestor Father as a knight
  3997 | D:5      | Found a burning altar of Makhleb.
  4220 | D:5      | Found a deep blue altar of Sif Muna.
  4238 | D:6      | Noticed Edmund
  4245 | D:6      | Reached skill level 7 in Shields
  4245 | D:6      | Reached XP level 9. HP: 52/63 MP: 9/9
  4248 | D:6      | Killed Edmund
  4248 | D:6      | Reached skill level 5 in Dodging
  4394 | D:6      | Reached skill level 8 in Shields
  4558 | D:6      | Found a shadowy altar of Dithmenos.
  4559 | D:6      | Noticed Duvessa
  4559 | D:6      | Noticed Dowan
  4563 | D:6      | Killed Duvessa
  4569 | D:6      | Killed Dowan
  4650 | D:6      | Found an ancient bone altar of Kikubaaqudgha.
  4685 | D:6      | Reached XP level 10. HP: 70/72 MP: 10/10
  4737 | D:6      | Found a glowing golden altar of the Shining One.
  5212 | D:7      | Found a stormy altar of Qazlal.
  5236 | D:7      | Found a white marble altar of Elyvilon.
  5269 | D:7      | Reached skill level 9 in Shields
  5445 | D:7      | Found an iron altar of Okawaru.
  5703 | D:7      | Found a basalt altar of Yredelemnul.
  5772 | D:8      | Noticed a spiny frog
  5794 | D:8      | Killed a spiny frog
  6076 | D:8      | Reached XP level 11. HP: 75/80 MP: 11/11
  6149 | D:8      | Reached skill level 10 in Shields
  6368 | D:8      | Reached *** piety under Hepliaklqana
  6960 | D:9      | Reached skill level 10 in Fighting
  7329 | D:9      | Reached skill level 10 in Armour
  7344 | D:9      | Reached skill level 11 in Shields
  8405 | D:9      | Reached XP level 12. HP: 88/88 MP: 12/12
  8447 | D:9      | Reached **** piety under Hepliaklqana
  9141 | D:9      | Noticed a two-headed ogre
  9152 | D:9      | Killed a two-headed ogre
  9155 | D:9      | Reached skill level 12 in Shields
  9210 | D:9      | Noticed a two-headed ogre
  9223 | D:9      | Killed a two-headed ogre
  9438 | D:9      | Found a burning altar of Makhleb.
  9582 | D:9      | Reached skill level 1 in Polearms
  9595 | D:9      | Reached XP level 13. HP: 95/95 MP: 13/13
 10318 | D:10     | Entered Level 10 of the Dungeon
 10473 | D:10     | Found Qeh Soagroi's Armour Shop.
 10572 | D:10     | Reached skill level 10 in Dodging
 10629 | D:10     | Found a hazy altar of Hepliaklqana.
 11197 | D:10     | Got the +6 trident of Ancient Evil {holy, *Slow MR+ Dex+3}
 11415 | D:11     | Reached skill level 13 in Shields
 11682 | D:11     | Got the +10 halberd "Rotzissa" {freeze, +Fly rF+}
 11981 | D:11     | Found Jugg's Gadget Emporium.
 12389 | D:11     | Noticed Nergalle
 12398 | D:11     | Killed Nergalle
 12510 | D:12     | Reached XP level 14. HP: 71/104 MP: 14/14
 12518 | D:12     | Reached skill level 5 in Polearms
 13317 | D:13     | Reached skill level 14 in Shields
 14256 | D:14     | Reached XP level 15. HP: 43/111 MP: 15/15
 16723 | D:14     | Noticed Louise
 16735 | D:14     | Killed Louise
 16829 | D:14     | Reached skill level 15 in Shields
 17174 | D:14     | Reached XP level 16. HP: 119/119 MP: 16/16
 17449 | D:15     | Entered Level 15 of the Dungeon
 17481 | D:15     | Reached skill level 1 in Invocations
 17641 | D:15     | Found a staircase to the Orcish Mines.
 17644 | D:15     | Found a staircase to the Depths.
 18175 | Depths:1 | Entered Level 1 of the Depths
 18206 | Depths:1 | Reached ***** piety under Hepliaklqana
 18404 | Depths:1 | Reached skill level 15 in Armour
 18404 | Depths:1 | Reached XP level 17. HP: 126/126 MP: 20/20
 18452 | Depths:1 | Reached skill level 16 in Shields
 18460 | Depths:1 | Reached skill level 5 in Invocations
 18730 | Depths:1 | Found a portal to the Elven Halls.
 18749 | Depths:1 | Noticed an iron troll
 18752 | Depths:1 | Reached skill level 10 in Polearms
 18768 | Depths:1 | Killed from afar by a deep troll earth mage

Skill      XL: |  1  2  3  4  5  6  7  8  9 10 11 12 13 14 15 16 17 |
---------------+----------------------------------------------------+-----
Dodging        | 1 2 3 4 6 7 8 9 10 11 12 | 12.8
Shields        | 4 5 6 7 8 9 11 12 13 14 15 16 | 16.1
Fighting       | 4 5 6 7 9 10 11 12 13 14 | 14.9
Armour         | 4 5 6 7 9 10 11 12 13 14 15 | 15.1
Polearms       | 1 4 6 8 9 10 | 10.0
Invocations    | 4 5 |  5.3
Blades         | |  2.0

Action                   |  1- 3 |  4- 6 |  7- 9 | 10-12 | 13-15 | 16-18 || total
-------------------------+-------+-------+-------+-------+-------+-------++-------
Melee: Long sword        |    78 |   136 |       |       |       |       ||   214
       Quarterstaff      |       |    20 |   132 |   405 |   129 |       ||   686
       Halberd           |       |       |       |       |   387 |   204 ||   591
Throw: Stone             |       |       |     1 |       |       |       ||     1
Invok: Ancestor Life: Kn |       |       |     1 |       |       |       ||     1
       Ancestor Identity |       |       |     1 |       |       |       ||     1
 Abil: Dig               |       |     1 |     2 |     1 |     3 |     1 ||     8
  Use: Potion            |       |       |     1 |     6 |     7 |     2 ||    16
       Scroll            |       |       |       |     2 |     5 |     1 ||     8
 Stab: Paralysed         |       |       |       |     3 |       |       ||     3
       Confused          |       |       |       |     3 |       |       ||     3
       Distracted        |       |       |       |       |     3 |     1 ||     4
       Invisible         |       |       |       |       |     1 |       ||     1
Armor: Scale mail        |    31 |    27 |     5 |       |       |       ||    63
       Plate armour      |       |       |    63 |   172 |   144 |    68 ||   447
       Acid dragon scale |       |       |       |       |     2 |       ||     2
Dodge: Dodged            |    25 |    38 |    50 |   192 |   194 |    79 ||   578
Block: Shield            |    63 |   101 |   121 |   383 |   348 |       ||  1016
       Reflection        |       |     9 |     3 |     5 |     9 |    17 ||    43
       Large shield      |       |       |       |       |    29 |   242 ||   271
